 Dungeon Crawl Stone Soup version 0.22.1-6-g1668fe2c40 (webtiles) character file.

103 Rediskos the Skirmisher (level 4, 0/29 HPs)
             Began as a Gargoyle Fighter on Jan 18, 2019.
             Slain by an orc
             ... wielding a +0 hand axe
              (1 damage)
             ... on level 3 of the Dungeon.
             The game lasted 00:04:05 (1365 turns).

Rediskos the Skirmisher (Gargoyle Fighter)          Turns: 1365, Time: 00:04:05

Health: 0/29       AC: 11    Str: 21    XL:     4   Next: 79%
Magic:  4/4        EV:  9    Int:  8    God:
Gold:   112        SH:  0    Dex:  9    Spells: 3/3 levels left

rFire    . . .     SeeInvis .   a - +0 trident
rCold    . . .     Gourm    .   (no shield)
rNeg     + . .     Faith    .   b - +0 scale mail
rPois    ∞         Spirit   .   (no helmet)
rElec    +         Reflect  .   j - +0 cloak
rCorr    .         Harm     .   (no gloves)
MR       .....                  (no boots)
Stlth    ..........             (no amulet)
HPRegen  0.09/turn              (no ring)
MPRegen  0.09/turn              (no ring)

@: slowed, very slow
A: negative energy resistance 1, electricity resistance, unbreathing,
petrification resistance, rot immunity, AC +3
a: no special abilities


You were on level 3 of the Dungeon.
You were not hungry.

You visited 1 branch of the dungeon, and saw 3 of its levels.

You collected 112 gold pieces.

Inventory:

Hand Weapons
 a - a +0 trident (weapon)
Armour
 b - a +0 scale mail (worn)
 c - a +0 shield
 j - a +0 cloak (worn)
Jewellery
 r - an uncursed amulet of the acrobat {unknown}
Scrolls
 e - a scroll of magic mapping {unknown}
 g - a scroll of fear {unknown}
 i - a scroll of remove curse {unknown}
 k - a scroll of noise {unknown}
 l - 6 scrolls of identify {unknown}
 m - a scroll of amnesia {unknown}
 q - a scroll of enchant weapon {unknown}
Potions
 d - a potion of might
 n - a potion of brilliance {unknown}
 o - a potion of ambrosia {unknown}
 p - a potion of curing {unknown}
 s - a potion of agility {unknown}
 t - a potion of mutation {unknown}
Comestibles
 f - 3 rations
 h - 2 chunks of flesh


   Skills:
 + Level 3.9 Fighting
 * Level 3.1 Polearms
 + Level 3.9 Armour
 + Level 3.9 Shields


You had 3 spell levels left.
You didn't know any spells.
Your spell library was empty.

Dungeon Overview and Level Annotations

Branches:
Dungeon (3/15)

Altars:


Innate Abilities, Weirdness & Mutations

You are resistant to torment.
Your stone body is resilient. (AC +3)
You are immune to poison.
You resist negative energy. (rN+)
You are resistant to electric shocks. (rElec)
You can survive without breathing.
You are immune to petrification.
You are immune to rotting.


Message History

The kobold throws a stone.
The stone closely misses you.
The orc wizard casts a spell.
The orc wizard blinks!
The orc hits you but does no damage. The orc closely misses you.
You see here a stone.
The orc wizard mumbles some strange words.
The orc wizard blinks!
The orc hits you but does no damage. x2
The kobold hits you but does no damage. The kobold barely misses you.
The orc hits you but does no damage.
The orc wizard casts a spell.
The orc wizard blinks!
The goblin hits you but does no damage. The kobold closely misses you.
The orc throws a tomahawk of returning.
The tomahawk of returning barely misses you.
The orc wizard hits you but does no damage.
The kobold misses you.
You closely miss the orc wizard. The orc wizard hits you with a dagger.
* * * LOW HITPOINT WARNING * * *
The orc wizard hits you but does no damage.
The orc hits you with a hand axe.
You die...

.... ... ... #.# #.#
##.#####
##......#############
#.......'......o@go.#
#''##...######..oKo.#
♣..♣##..#
#.....(###### ♣..♣
##.# #......)....#
##.#♣♣#.#
#...........#
#.♣...+.#
#.....(...(.#
.♣)#..+.#
#...........#
#.##♣♣#..
....###.......# ♣..♣
#.. .....# #.......#


You could see an orc wizard, 3 orcs, a goblin and a kobold.

Vanquished Creatures
  Terence (D:2)
  3 adders (D:2)
  An ooze (D:1)
  2 worms
  A dart slug (D:1)
  A leopard gecko (D:1)
  4 bats
  2 giant cockroaches (D:1)
  4 goblins
  8 hobgoblins
  7 kobolds
  3 frilled lizards
  2 rats (D:2)
39 creatures vanquished.

Notes
Turn   | Place    | Note
-------+----------+-------------------------------------------
     0 | D:1      | Rediskos the Gargoyle Fighter began the quest for the Orb.
     0 | D:1      | Reached XP level 1. HP: 14/14 MP: 1/1
    66 | D:1      | Reached XP level 2. HP: 14/19 MP: 2/2
   433 | D:1      | Reached XP level 3. HP: 23/23 MP: 3/3
   467 | D:1      | You fall through a shaft!
   957 | D:2      | Reached XP level 4. HP: 29/29 MP: 4/4
  1101 | D:2      | Noticed Terence
  1109 | D:2      | Killed Terence
  1365 | D:3      | HP: 1/29 [orc wizard/dagger (3)]
  1365 | D:3      | Slain by an orc

Skill      XL: |  1  2  3  4 |
---------------+-------------+-----
Polearms       | 2 3 |  3.1
Fighting       | |  3.9
Armour         | |  3.9
Shields        | |  3.9

Action                   |  1- 3 |  4- 6 || total
-------------------------+-------+-------++-------
Melee: Trident           |   110 |    45 ||   155
  Eat: Chunk             |       |     2 ||     2
Armor: Scale mail        |    62 |    39 ||   101
Dodge: Dodged            |    53 |    40 ||    93
